 Dungeon Crawl Stone Soup version 0.19.1 (webtiles) character file.

141 balthal1 the Changer (level 5, -2/38 HPs)
             Began as a Merfolk Transmuter on Dec 18, 2016.
             Slain by an orc warrior
             ... wielding a +0 hand axe
              (20 damage)
             ... on level 3 of the Dungeon.
             The game lasted 00:12:27 (3395 turns).

balthal1 the Changer (Merfolk Transmuter)           Turns: 3395, Time: 00:12:28

Health: -2/38      AC:  2    Str: 11    XL:     5   Next: 24%
Magic:  3/9        EV: 21    Int: 12    God:
Gold:   113        SH:  0    Dex: 20    Spells: 3 memorised, 4 levels left

rFire  . . .     SeeInvis .       - Unarmed
rCold  . . .     Gourm    +     (armour currently unavailable)
rNeg   . . .     Faith    .     (shield currently unavailable)
rPois  x         Spirit   .     (helmet currently unavailable)
rElec  .         Reflect  .     (cloak currently unavailable)
rCorr  .         Harm     .     (gloves currently unavailable)
MR     .....                    (boots currently unavailable)
Stlth  +.........               z - amulet of the gourmand
                                (no ring)
                                l - ring of wizardry

@: confused, spider-form (expiring), very slightly contaminated
A: (change form in water), (swift swim), (stealthy swim)
a: End Transformation


You were on level 3 of the Dungeon.
You were not hungry.
You were a venomous arachnid creature.
You visited 1 branch of the dungeon, and saw 4 of its levels.

You collected 113 gold pieces.

Inventory:

Hand Weapons
 g - a +0 club
 n - a +0 blowgun
 x - a +0 rapier (melded)
Missiles
 a - 51 arrows (quivered)
 k - 7 tomahawks
 r - 22 poisoned needles
Armour
 b - a +1 robe (melded)
Jewellery
 j - a cursed ring of stealth {unknown}
 l - a ring of wizardry (left front leg)
 z - an amulet of the gourmand (around neck)
Scrolls
 f - a scroll of enchant armour
 h - a scroll of identify
 o - a scroll of teleportation
 u - a scroll of remove curse
Potions
 e - a potion of invisibility {unknown}
 i - a potion of haste
 m - 4 potions of curing
 s - a potion of agility
Books
 c - a book of Changes

   Spells                             Type                      Level
   a - Beastly Appendage              Transmutation                1
   b - Sticks to Snakes               Transmutation                2
   c - Spider Form                    Transmutation/Poison         3
   d - Ice Form                       Ice/Transmutation            4
   e - Blade Hands                    Transmutation                5
Comestibles
 d - 4 bread rations


   Skills:
 + Level 1.8 Fighting
 * Level 2.4 Short Blades
 - Level 0.2 Maces & Flails
 + Level 3.3 Dodging
 + Level 0.8 Stealth
 + Level 3.4 Unarmed Combat
 + Level 3.0 Spellcasting
 + Level 3.8 Transmutations


You had 4 spell levels left.
You knew the following spells:

 Your Spells              Type           Power        Failure   Level  Hunger
a - Beastly Appendage     Tmut           ##....       7%          1    #......
b - Sticks to Snakes      Tmut           ##......     10%         2    ###....
c - Spider Form           Tmut/Pois      #.........   26%         3    ###....


Dungeon Overview and Level Annotations

Branches:
Dungeon (4/15)
 Temple: D:4-7

Altars:
Qazlal


Message History

The orc wizard casts a spell.
The orc wizard flickers and vanishes!
Deactivating autopickup; reactivate with Ctrl-A.
The orc priest misses you.
You hit the orc priest.
You kill the orc priest!
Your Spellcasting skill increases to level 3!
You have reached level 5!
You feel agile.
You completely miss the orc. The orc hits you with a short sword.
You hit the orc.
The orc is poisoned.
The orc is severely wounded.
Your transformation is almost over.
You kill the orc!
The orc wizard points at you and mumbles some strange words.
You are confused.
You miss the orc warrior.
The orc warrior hits you with a hand axe!!
Ouch! That really hurt!
You die...

#.#..##.#####.# #.....######
#.#....<).o...###...[.##....
#.##.########.........##....
#.#.........'..........'...)
##.###########........###....
#............'..........'....
##############......#####....
#.....##o.....#####....
#...>.so...............
#.....####..(....###..#
#.....'..'.......'...##
#.....####.......#####.
#......# #.......# ##..
#......# #.......###...
#......# #.......##....
###....# #.......#.....
####....# #########.....


You could see an orc warrior and an orc wizard.

Vanquished Creatures
  An orc priest (D:3)
  Natasha (D:4)
  An adder (D:2)
  An ooze (D:3)
  A dart slug (D:3)
  A leopard gecko (D:1)
  2 orcs
  8 bats
  4 giant cockroaches
  5 goblins
  3 hobgoblins (D:1)
  7 kobolds
  2 frilled lizards
  8 rats
45 creatures vanquished.

Vanquished Creatures (collateral kills)
  3 adders
  A worm (D:3)
  A leopard gecko (D:1)
  2 orcs (D:4)
  3 giant cockroaches
  A goblin (D:1)
  A bat (D:1)
  2 kobolds
14 creatures vanquished.

Grand Total: 59 creatures vanquished

Notes
Turn   | Place    | Note
-------+----------+-------------------------------------------
     0 | D:1      | balthal1 the Merfolk Transmuter began the quest for the Orb.
     0 | D:1      | Reached XP level 1. HP: 15/15 MP: 3/3
   184 | D:1      | Reached XP level 2. HP: 6/21 MP: 3/5
   193 | D:1      | Learned a level 2 spell: Sticks to Snakes
   983 | D:1      | Reached XP level 3. HP: 26/26 MP: 3/6
  1025 | D:2      | Learned a level 3 spell: Spider Form
  1043 | D:2      | Found a stormy altar of Qazlal.
  1871 | D:3      | Reached skill level 1 in Short Blades
  1871 | D:3      | Reached XP level 4. HP: 28/32 MP: 3/8
  2137 | D:3      | Noticed an orc warrior
  3056 | D:4      | Noticed Natasha
  3074 | D:4      | Killed Natasha
  3120 | D:4      | Noticed an orc warrior
  3392 | D:3      | Reached XP level 5. HP: 20/38 MP: 2/9
  3395 | D:3      | Slain by an orc warrior

Skill      XL: |  1  2  3  4 |
---------------+-------------+-----
Transmutations | 3 |  3.8
Dodging        | 3 |  3.3
Short Blades   | 1 2 |  2.4
Spellcasting   | 3 |  3.0
Fighting       | |  1.8
Maces & Flails | |  0.2
Stealth        | |  0.8
Unarmed Combat | |  3.4

Action                   |  1- 3 |  4- 6 || total
-------------------------+-------+-------++-------
Melee: Club              |    66 |       ||    66
       Unarmed           |     4 |     8 ||    12
       Headbutt          |    13 |     1 ||    14
       Punch             |     1 |     1 ||     2
       Rapier            |    30 |    38 ||    68
 Cast: Beastly Appendage |    19 |     6 ||    25
       Sticks to Snakes  |    18 |    16 ||    34
       Spider Form       |     1 |     1 ||     2
  Use: Potion            |     1 |     6 ||     7
       Scroll            |       |    13 ||    13
 Stab: Distracted        |     1 |       ||     1
       Sleeping          |     2 |       ||     2
  Eat: Beef jerky        |     1 |       ||     1
       Chunk             |     1 |     2 ||     3
       Royal jelly       |     1 |       ||     1
       Meat ration       |       |     1 ||     1
       Pizza             |       |     1 ||     1
Armor: Robe              |    27 |    15 ||    42
Dodge: Dodged            |   104 |    37 ||   141
